AoeStats
← PALITOMAN

Nomad

508710656Analyzed
4v4 RM · 9d ago on Sep 23, 2026· 47m 4s· 8 players
Game mode
Random Map
Map size
231×231
Population
200
Speed
Normal
Resources
Standard
Victory
Conquest
Starting age
Dark Age
Ending age
Imperial Age
RankedLock teamsTeams togetherTeam positionsShared explorationLock speedFull tech treeHidden civsTurbo modeCheats
Victory
Defeat
🇫🇮 Burgundians · Finland
1228
+17
🇨🇿 Malians · Czechia
1227
+17
🇺🇸 Varangians · United States
1224
+17
🇹🇷 Celts · Türkiye
1204
+18
🇦🇷 Spanish · Argentina
1445
-24
🇨🇴 Mongols · Colombia
1271
-18
🇨🇱 Italians · Chile
1187
-15
🇪🇸 Danes · Spain
1116
-12
Kryptonknight
12:30 Feudal Age
13:03 Double-Bit Axe
13:01 Fishing Lines
18:52 Castle Age
18:43 Loom
19:33 Wheelbarrow
20:03 Bow Saw
19:46 Gillnets
22:57 Hand Cart
26:56 Husbandry
27:07 Bloodlines
31:37 Imperial Age
31:45 Cavalier
33:45 Town Watch
33:38 Vendel Legacy
34:38 Conscription
33:52 Light Cavalry
35:43 Gothikon
36:23 Elite Longship
36:49 Elite Varangian Guard
37:16 Arson
37:34 Squires
39:09 Town Patrol
39:47 Forging
39:38 Scale Mail Armor
39:43 Scale Barding Armor
39:29 Fletching
39:39 Padded Archer Armor
40:16 Hussar
41:23 Ballistics
41:08 Siege Engineers
42:04 Chemistry
41:42 Iron Casting
43:51 Chain Barding Armor
43:47 Chain Mail Armor
43:50 Masonry
46:34 Two-Man Saw
45:15 Horse Collar
45:29 Gold Mining
46:59 Plate Mail Armor
47:05 Plate Barding Armor
47:50 Blast Furnace
El sea
6:02 Loom
15:29 Feudal Age
15:42 Double-Bit Axe
15:39 Horse Collar
15:51 Gold Mining
16:44 Bow Saw
16:34 Heavy Plow
22:59 Castle Age
24:59 Two-Man Saw
27:58 Wheelbarrow
28:03 Elite Skirmisher
29:41 Fletching
30:37 Hand Cart
30:30 Burgundian Vineyards
32:09 Bodkin Arrow
36:18 Imperial Age
34:53 Scale Barding Armor
35:00 Burgundian Vineyards
35:42 Ballistics
35:16 Stone Mining
35:29 Town Watch
37:22 Conscription
37:06 Bracer
37:08 Padded Archer Armor
38:40 Chemistry
39:12 Elite Coustillier
41:13 Chain Barding Armor
41:03 Forging
45:18 Plate Barding Armor
45:19 Iron Casting
44:59 Leather Archer Armor
47:05 Gold Shaft Mining
46:34 Town Patrol
maniak
3:36 Loom
12:47 Feudal Age
13:25 Double-Bit Axe
20:22 Castle Age
19:03 Fletching
21:13 Bodkin Arrow
21:36 Bow Saw
21:50 Medium Warships
22:46 Clinker Construction
23:57 Ballistics
28:49 Fishing Lines
29:02 Treadmill Crane
32:38 Squires
31:58 Man-at-Arms
35:21 Imperial Age
32:53 Arson
34:01 Wheelbarrow
33:40 Long Swordsman
34:56 Horse Collar
35:55 Scale Mail Armor
36:05 Forging
36:50 Heavy Warships
37:03 Chain Mail Armor
36:10 Two-Handed Swordsman
38:14 Conscription
38:12 Heavy Plow
38:07 Town Watch
37:51 Champion
39:04 Plate Mail Armor
39:09 Iron Casting
40:33 Hand Cart
40:44 Padded Archer Armor
42:06 Town Patrol
44:13 Light Cavalry
45:03 Bloodlines
44:53 Husbandry
44:57 Farimba
45:42 Scale Barding Armor
a.tarikcam
4:21 Loom
12:52 Feudal Age
14:52 Double-Bit Axe
15:12 Horse Collar
16:17 Scale Mail Armor
18:47 Castle Age
17:26 Scale Mail Armor
19:00 Pikeman
20:51 Chain Mail Armor
21:51 Forging
28:53 Fletching
30:01 Elite Skirmisher
31:39 Wheelbarrow
32:31 Bodkin Arrow
35:30 Padded Archer Armor
40:40 Leather Archer Armor
41:28 Hand Cart
PALITOMAN
3:52 Loom
14:13 Feudal Age
17:42 Fishing Lines
19:05 Double-Bit Axe
23:11 Castle Age
24:24 Medium Warships
24:09 Fletching
29:50 Arson
31:48 Man-at-Arms
31:50 Pikeman
33:10 Wheelbarrow
34:22 Scale Mail Armor
35:01 Forging
38:18 Imperial Age
36:52 Squires
36:27 Hamask
36:37 Hamask
38:03 Iron Casting
39:15 Chain Mail Armor
40:01 Blast Furnace
39:24 Bow Saw
41:01 Plate Mail Armor
43:13 Bodkin Arrow
43:11 Elite Varangian Guard
SeNSei;
7:05 Loom
17:25 Feudal Age
20:46 Double-Bit Axe
20:42 Horse Collar
22:41 Fletching
22:52 Padded Archer Armor
26:22 Castle Age
24:01 Man-at-Arms
26:44 Crossbowman
27:30 Thumb Ring
27:22 Bodkin Arrow
28:56 Bow Saw
28:47 Heavy Plow
29:09 Medium Warships
32:28 Wheelbarrow
37:13 Leather Archer Armor
37:19 Hand Cart
38:39 Ballistics
43:21 Imperial Age
40:37 Town Watch
42:48 Forging
42:39 Scale Mail Armor
45:09 Chemistry
44:10 Bracer
44:41 Ring Archer Armor
43:34 Arbalester
le ignacio
3:34 Loom
15:21 Feudal Age
17:24 Town Watch
20:52 Castle Age
19:49 Horse Collar
21:30 Fletching
36:48 Wheelbarrow
36:44 Gold Mining
38:07 Double-Bit Axe
40:41 Padded Archer Armor
40:54 Stone Mining
41:17 Bow Saw
42:27 Leather Archer Armor
43:18 Scale Barding Armor
44:16 Forging
44:39 Chain Barding Armor
47:43 Imperial Age
46:38 Iron Casting
47:02 Bloodlines
hitman47
4:03 Loom
12:28 Feudal Age
17:13 Castle Age
16:44 Double-Bit Axe
20:40 Fishing Lines
20:57 Stone Mining
25:43 Wheelbarrow
25:10 Horse Collar
26:12 Gold Mining
29:23 Heavy Plow
32:26 Gold Shaft Mining
33:13 Hand Cart
32:44 Town Watch
33:27 Fletching
34:43 Ballistics
37:49 Imperial Age
37:44 Stone Shaft Mining
38:55 Conscription
40:22 Bodkin Arrow
44:29 Bow Saw
44:37 Elite Mangudai
Connection lost

Rejoining the realm…

Still unreachable

The connection could not be restored.

Session expired

The server has moved on; the page needs a fresh start.